 Dungeon Crawl Stone Soup version 0.31-a0-1338-gb567cfdca4 (webtiles) character file.

Game seed: 9607712915996924147

18291 Laraso the Severer (level 12, -7/174 HPs)
             Began as a Hill Orc Fighter on Dec 21, 2023.
             Was an Elder of Trog.
             Mangled by a komodo dragon (15 damage)
             ... on level 2 of the Lair of Beasts.
             The game lasted 00:19:30 (10121 turns).

Laraso the Severer (Hill Orc Fighter)              Turns: 10121, Time: 00:19:30

Health: -7/174     AC: 26    Str: 29    XL:     12   Next: 57%
Magic:  12/12      EV:  2    Int:  8    God:    Trog [****..]
Gold:   1158       SH:  0    Dex: 14    Spells: 11/11 levels left

rFire   . . .        a - +1 battleaxe of Dihuvo {speed, *Rage rN+ rCorr Str+3}
rCold   + . .        (shield currently unavailable)
rNeg    + . .        B - melded +0 swamp dragon scales
rPois   +            (helmet currently unavailable)
rElec   .            o - melded +1 cloak
rCorr   +            (gloves currently unavailable)
SInv    .            (boots currently unavailable)
Will    .....        A - amulet of regeneration Stlth
                     k - ring of protection from cold
HPRegen 1.29/turn    w - +6 ring of strength
MPRegen 0.13/turn

%: random rage (20%)
@: tree-form, silenced, on berserk cooldown, slowed, very slow
A: stationary, stasis, torment immunity, boosted hp
a: Renounce Religion


You were on level 2 of the Lair of Beasts.
You worshipped Trog.
Trog was greatly pleased with you.
You were a tree.
You visited 2 branches of the dungeon, and saw 10 of its levels.
You also visited: Sewer and Bailey.

You collected 1158 gold pieces.

Inventory:

Hand Weapons
 a - the +1 battleaxe of Dihuvo (weapon) {speed, *Rage rN+ rCorr Str+3}
   (You found it in a bailey)

   Str+3:     It affects your strength (+3).
   rN+:       It protects you from negative energy.
   *Rage:     It berserks you when you make melee attacks (+20% chance).
   rCorr:     It protects you from acid and corrosion.
 j - the +1 hand axe "Veravaj" {elec, rF+ rC+ Will+ Stlth+}
   (You found it on level 3 of the Dungeon)

   rF+:       It protects you from fire.
   rC+:       It protects you from cold.
   Will+:     It increases your willpower.
   Stlth+:    It makes you more stealthy.
Armour
 o - a +1 cloak (melded)
 B - +0 swamp dragon scales (melded)
Jewellery
 k - a ring of protection from cold (left branch)
 w - a +6 ring of strength (right branch)
 z - a ring of flight
 A - an amulet of regeneration (around neck)
Wands
 b - a wand of charming (7)
 n - a wand of polymorph (6)
 u - a wand of mindburst (20)
 x - a wand of flame (16)
Scrolls
 c - 3 scrolls of fear
 e - a scroll of silence
 r - 3 scrolls of teleportation
 s - 3 scrolls of enchant weapon
 y - a scroll of fog
 C - 3 scrolls of noise
 D - a scroll of revelation
Potions
 d - 2 potions of might
 f - 4 potions of mutation
 g - 6 potions of curing
 i - a potion of berserk rage {unknown}
 l - 3 potions of attraction
 m - 3 potions of haste
 p - 2 potions of resistance
 q - 6 potions of enlightenment
 t - 2 potions of cancellation {unknown}
 v - 2 potions of heal wounds {unknown}


   Skills:
 * Level 13.8 Fighting
 - Level 20.0 Axes
 - Level 7.0 Armour
 - Level 2.0 Dodging
 - Level 3.2 Shields


You had 11 spell levels left.
You didn't know any spells.
Your spell library contained the following spells:

 Spells                   Type           Power      Damage    Failure   Level
 Freeze                   Ice            0%         1d3       41%         1
 Kiss of Death            Conj/Necr      0%         2d5       41%         1
 Cigotuvi's Dreadful Rot  Necr/Alch/Air  0%         N/A       54%         2
 Confusing Touch          Hex            0%         N/A       78%         3
 Frozen Ramparts          Ice            0%         1d1       78%         3
 Fugue of the Fallen      Necr           0%         N/A       78%         3
 Hailstorm                Conj/Ice       0%         3d5       78%         3
 Dispel Undead            Necr           0%         3d6       99%         4
 Agony                    Necr           0%         N/A       100%        5
 Summon Mana Viper        Hex/Summ       0%         N/A       100%        5
 Death Channel            Necr           0%         N/A       100%        6
 Monstrous Menagerie      Summ           0%         N/A       100%        7


Dungeon Overview and Level Annotations

Branches:
Dungeon (8/15)             Temple (0/1) D:7            Lair (2/5) D:8
 Shoals (0/4) Lair:2        Sewer (visited)          Bailey (visited)
  Snake: Lair:2-3    Spider: Lair:2-3

Altars:
Ashenzari
Cheibriados
Gozag
Trog


Message History

You are too injured to fight recklessly!
You are too injured to fight recklessly!
You are too injured to fight recklessly!
You are too injured to fight recklessly!
You are too injured to fight recklessly!
You are too injured to fight recklessly!
You hit the electric eel.
The electric eel is lightly wounded.
You slice the plant!!
The plant begins to die.
You slice the electric eel!!
You kill the electric eel!
Trog accepts your kill.
You hear a splash.
You slice the plant like a ripe choko!!!
You hear an angry hiss. x2
A komodo dragon and a basilisk come into view.
The komodo dragon hisses angrily.
The basilisk hisses angrily.
You see here an electric eel corpse.
You feel a strong urge to attack something.
You are no longer berserk.
You are exhausted.
You feel yourself slow down.
A nearby plant withers and dies.
The basilisk gazes at you. You resist with some effort.
The komodo dragon bites you!!
The komodo dragon attacks as it pursues you!
The komodo dragon bites you!
* * * LOW HITPOINT WARNING * * *
The komodo dragon bites you!!
* * * LOW HITPOINT WARNING * * *
You are too injured to fight recklessly!
As you read the scroll of silence, it crumbles to dust.
A profound silence engulfs you. The komodo dragon closely misses you.
Magic scrolls do not work when you're silenced!
You turn into a tree.
Your +1 cloak melds into your body.
Your +0 swamp dragon scales melds into your body.
Your roots penetrate the ground.
The komodo dragon bites you!
* * * LOW HITPOINT WARNING * * *
The komodo dragon bites you!
You die...

~~~≈≈≈≈P≈P~♣ ##
##...##
~~P~≈≈~~P~~##P#
##...#
~P~~~~~~~~~...#
##.###
P~P~~~~~~~~...#
##...#
~~~~~~~†~~~.#.#
#.#..#
~~~~P.~~~~~...#
####.##
~P~~....~~P.#.#
#...##
..........l...#
#P#..##
........l.♣)..#
####.P#
.....#.#...#.P#
#P..# #
.....###.....##
###.. # ..###
#.#...# #.. #
######.P..####
### .
#.#........P.#
## ..^..#
##.............P
#. .....##
#.<.............
## ......#
#...............
#


You could see a komodo dragon and a basilisk (unsilenced).

Vanquished Creatures
  The ghost of Cemyn the Mimic, a journeyman DrSh of Hepliaklqana (Lair:2)
  Urug (Lair:2)
  6 death yaks (D:8)
  A merfolk siren (Lair:2)
  4 black mambas
  5 cane toads
  A rime drake (Lair:2)
  Maggie (D:7)
  A komodo dragon (Lair:1)
  A troll (D:8)
  A polar bear (Lair:2)
  A hornet (D:7)
  4 blink frogs (Lair:1)
  A wyvern (Lair:1)
  19 yaks
  A basilisk (Lair:2)
  A steam dragon (Lair:2)
  7 water moccasins
  Duvessa (D:7)
  5 black bears
  12 orc warriors
  An ogre (D:7)
  A sky beast (D:8)
  A centaur (D:6)
  2 phantoms (D:4)
  7 bullfrogs
  3 scorpions
  Dowan (D:7)
  11 killer bees (D:8)
  An electric eel (Lair:2)
  A howler monkey (D:8)
  A jelly (D:6)
  Crazy Yiuf (D:2)
  A gnoll bouda (D:6)
  8 orc priests
  2 sleepcaps (D:8)
  5 hell rats (Lair:2)
  5 iguanas
  7 orc wizards
  11 gnolls
  15 adders
  A bombardier beetle (D:4)
  A white imp (D:7)
  2 worms
  3 dart slugs
  35 orcs
  16 ball pythons
  6 bats
  12 endoplasms
  11 giant cockroaches
  17 goblins
  17 hobgoblins
  4 jackals (D:2)
  19 kobolds
  3 quokkas
  17 frilled lizards
  6 rats
330 creatures vanquished.

Vanquished Creatures (others)
  A kobold (D:4)
1 creature vanquished.

Grand Total: 331 creatures vanquished

Notes
Turn   | Place    | Note
-------+----------+-------------------------------------------
     0 | D:1      | Laraso the Hill Orc Fighter began the quest for the Orb.
     0 | D:1      | Reached XP level 1. HP: 19/19 MP: 1/1
    26 | D:1      | Reached skill level 3 in Axes
    72 | D:1      | Reached XP level 2. HP: 26/26 MP: 2/2
    85 | D:1      | Reached skill level 4 in Axes
   274 | D:1      | Reached XP level 3. HP: 31/31 MP: 3/3
   404 | D:1      | Got the Encyclopedia of Cooperative Abhorrent Magic
   570 | D:1      | Reached skill level 5 in Axes
   849 | D:2      | Found a runed translucent door.
   850 | D:2      | Noticed Crazy Yiuf
   952 | D:2      | Killed Crazy Yiuf
   953 | D:2      | Reached XP level 4. HP: 15/39 MP: 4/4
  1083 | D:2      | Reached skill level 6 in Axes
  1558 | D:3      | Found a faded altar of an unknown god.
  1640 | D:3      | Identified the +1 hand axe "Veravaj" {elec, rF+ rC+ Will+
                  | Stlth+}
  1792 | D:3      | Reached XP level 5. HP: 41/45 MP: 5/5
  2090 | D:3      | Found a broken altar of Ashenzari.
  2329 | D:4      | Reached skill level 7 in Axes
  2335 | D:4      | Reached skill level 1 in Dodging
  2413 | D:4      | Found a glowing drain.
  2424 | Sewer    | Entered a sewer
  2537 | Sewer    | Reached XP level 6. HP: 47/51 MP: 6/6
  3014 | D:4      | Reached skill level 5 in Fighting
  3208 | D:4      | Reached skill level 8 in Axes
  3208 | D:4      | Reached XP level 7. HP: 55/61 MP: 7/7
  3334 | D:4      | Found a bloodstained altar of Trog.
  3487 | D:4      | Became a worshipper of Trog the Wrathful
  3523 | D:5      | Entered Level 5 of the Dungeon
  3970 | D:5      | Reached skill level 9 in Axes
  4516 | D:5      | Reached * piety under Trog
  4517 | D:5      | Reached skill level 10 in Axes
  4590 | D:5      | Reached XP level 8. HP: 53/68 MP: 8/8
  4878 | D:6      | Reached skill level 11 in Axes
  5559 | D:7      | Noticed Maggie
  5565 | D:7      | Killed Maggie
  5566 | D:7      | Reached skill level 12 in Axes
  5645 | D:7      | Reached skill level 13 in Axes
  5712 | D:7      | Reached XP level 9. HP: 40/74 MP: 9/9
  5831 | D:7      | Noticed Duvessa
  5831 | D:7      | Noticed Dowan
  5839 | D:7      | Killed Duvessa
  5843 | D:7      | Killed Dowan
  5854 | D:7      | Reached skill level 14 in Axes
  5898 | D:7      | Reached ** piety under Trog
  5991 | D:7      | Found a flagged portal.
  5996 | Bailey   | Entered a bailey
  6400 | Bailey   | Identified the +1 battleaxe of Dihuvo {speed, *Rage rN+
                  | rCorr Str+3}
  6589 | D:7      | Found a staircase to the Ecumenical Temple.
  6644 | D:7      | Noticed a hornet
  6651 | D:7      | Killed a hornet
  6652 | D:7      | Reached skill level 10 in Fighting
  6652 | D:7      | Reached XP level 10. HP: 93/93 MP: 10/10
  6780 | D:7      | Reached skill level 5 in Armour
  6920 | D:7      | Found a snail-covered altar of Cheibriados.
  6994 | D:8      | Noticed a death yak
  7001 | D:8      | Noticed a death yak
  7002 | D:8      | Noticed a death yak
  7018 | D:8      | Killed a death yak
  7020 | D:8      | Killed a death yak
  7020 | D:8      | Noticed a death yak
  7021 | D:8      | Reached *** piety under Trog
  7022 | D:8      | Noticed a death yak
  7022 | D:8      | Noticed a death yak
  7028 | D:8      | Killed a death yak
  7029 | D:8      | Reached skill level 15 in Axes
  7036 | D:8      | Killed a death yak
  7039 | D:8      | Killed a death yak
  7040 | D:8      | Reached skill level 16 in Axes
  7166 | D:8      | Killed a death yak
  7167 | D:8      | Reached skill level 17 in Axes
  7167 | D:8      | Reached XP level 11. HP: 81/99 MP: 11/11
  7286 | D:8      | Found a staircase to the Lair.
  7823 | D:8      | Reached **** piety under Trog
  8195 | Lair:1   | Entered Level 1 of the Lair of Beasts
  8292 | Lair:1   | Reached skill level 18 in Axes
  8411 | Lair:1   | Found an opulent altar of Gozag.
  8459 | Lair:1   | Reached skill level 19 in Axes
  9128 | Lair:2   | Reached skill level 20 in Axes
  9207 | Lair:2   | Found a runed translucent door.
  9213 | Lair:2   | Identified the +1 robe of Gehenna {^Contam Harm rC+}
  9224 | Lair:2   | Noticed Cemyn's ghost (journeyman DrSh)
  9275 | Lair:2   | Reached XP level 12. HP: 108/108 MP: 12/12
  9438 | Lair:2   | Killed Cemyn's ghost
  9860 | Lair:2   | Identified the +4 scale mail of Submission {+Blink Will+
                  | Dex-4}
 10084 | Lair:2   | Found a staircase to the Shoals.
 10097 | Lair:2   | Noticed Urug
 10106 | Lair:2   | Killed Urug
 10121 | Lair:2   | HP: 8/174 [komodo dragon (17)]
 10121 | Lair:2   | Mangled by a komodo dragon

Illustrated notes

Levels and vault maps discovered:
D:1:      heliophobic_arrival_ceremonial_halls, layout_basic
D:2:      layout_rooms, hangedman_decor_push, uniq_crazy_yiuf_cottage
D:3:      layout_loops_ring, ashenzari_altar_1,
          shapermc_ecumenical_altar_mp_urbaneastern, minmay_box_of_dots
D:4:      layout_basic, trog_antimagical,
          mainiacjoe_sewer_entry_somewhere_in_here_1
D:5:      layout_basic, minmay_misc_feat_nine_boxes
D:6:      layout_cave_pods
D:7:      layout_basic, cheibrodos_worm_habitat, minmay_temple_entry_water_ring,
          enter_bailey_3, uniq_maggie, uniq_duvessa
D:8:      layout_loops_ring, dpeg_lair_monsters, grunt_potential
Lair:1:   layout_roguey, basic_altar, chequers_serial_rivers_micro_a,
          beast_lair_carwin_5, infiniplex_staircase_pool
Lair:2:   layout_cave_pods, minmay_shoals_entry_lonely_mermaid,
          hellmonk_ghost_happy_afterlife, infiniplex_staircase_pool_2,
          serial_bayou_shore_a, uniq_urug

Skill      XL: |  1  2  3  4  5  6  7  8  9 10 11 12 |
---------------+-------------------------------------+-----
Axes           | 3 4 5 6 7 8 10 13 14 17 20 | 20.0
Dodging        | 2 |  2.0
Armour         | 4 7 |  7.0
Fighting       | 5 10 13 | 13.8
Shields        | |  3.2

Action                     |  1- 3 |  4- 6 |  7- 9 | 10-12 || total
---------------------------+-------+-------+-------+-------++-------
  Melee: War axe           |   110 |    46 |       |       ||   156
         Hand axe          |       |   168 |   321 |       ||   489
         Battleaxe         |       |       |     4 |   312 ||   316
 Invoke: Berserk           |       |       |     1 |       ||     1
  Evoke: Wand              |       |       |     6 |       ||     6
    Use: Potion            |     1 |       |       |     1 ||     2
         Scroll            |       |     9 |     9 |     2 ||    20
   Stab: Sleeping          |       |       |     1 |       ||     1
 Armour: Scale mail        |    54 |    93 |    97 |       ||   244
         Swamp dragon scal |       |       |    48 |   134 ||   182
         Skin              |       |       |       |     2 ||     2
  Dodge: Dodged            |    52 |    39 |    55 |    75 ||   221
  Block: Buckler           |    39 |    43 |       |       ||    82
         Kite shield       |       |   103 |   208 |       ||   311
         Reflection        |       |     3 |    21 |       ||    24
         Other             |       |       |       |     5 ||     5

Table legend: (Time is in decaauts)
 A = Elapsed time spent in this place.
 B = Non-inter-level travel time spent in this place.
 C = Inter-level travel time spent in this place.
 D = Time resting spent in this place.
 E = Time spent auto-exploring this place.
 F = Levels seen in this place.
 G = Mean time per level.
                   A        B        C        D        E       F      G
               +--------+--------+--------+--------+--------+-----+--------+
         Total |  10278 |   9835 |    443 |   2003 |   5829 |  12 |  856.5 |
       Dungeon |   7314 |   6885 |    429 |   1284 |   4245 |   8 |  914.2 |
          Lair |   1959 |   1945 |     14 |    470 |   1230 |   2 |  979.5 |
         Sewer |    488 |    488 |      0 |    100 |    209 |   1 |  488.0 |
        Bailey |    515 |    515 |      0 |    148 |    144 |   1 |  515.0 |
               +--------+--------+--------+--------+--------+-----+--------+

Top non-repeatable levels by time:
     D:8: 1099 daAuts
     D:7: 1035 daAuts
  Lair:2: 1020 daAuts
     D:5: 998 daAuts
     D:4: 984 daAuts
  Lair:1: 939 daAuts
     D:6: 871 daAuts
     D:1: 808 daAuts
     D:3: 801 daAuts
     D:2: 715 daAuts
  Bailey: 515 daAuts
   Sewer: 488 daAuts
